 Dungeon Crawl Stone Soup version 0.30.1-9-gdf580d7c3d (webtiles) character file.

Game seed: 16102136260504322966

3428 adizb the Protected (level 9, 0/83 HPs)
             Began as an Armataur Berserker on Oct 23, 2023.
             Was a Priest of Trog.
             Slain by a killer bee (6 damage)
             ... on level 7 of the Dungeon.
             The game lasted 00:26:23 (5464 turns).

adizb the Protected (Armataur Berserker)            Turns: 5464, Time: 00:26:23

Health: 0/83       AC: 12    Str: 28    XL:     9   Next: 76%
Magic:  0/9        EV:  8    Int: 13    God:    Trog [***...]
Gold:   288        SH:  0    Dex:  9    Spells: 8/8 levels left

rFire   . . .        r - +5 war axe
rCold   x . .        (no shield)
rNeg    . . .        p - +0 chain mail
rPois   .            (no helmet)
rElec   .            e - +1 cloak
rCorr   +            (no gloves)
SInv    +            (no barding)
Will    .....        o - amulet of guardian spirit Stlth
                     z - ring of Xucefiukk {+Blink rC- rCorr Int+6 SInv}
HPRegen 0.33/turn    (no ring)
MPRegen 0.11/turn

%: guardian spirit, roll
@: about to teleport, on berserk cooldown, slowed, very slow
A: large, rugged brown scales 3, deformed body, armoured tail, roll, long
tongue, awkward tongue
a: Renounce Religion, Evoke Blink, Berserk, Trog's Hand


You were on level 7 of the Dungeon.
You worshipped Trog.
Trog was most pleased with you.
You visited 1 branch of the dungeon, and saw 7 of its levels.

You collected 360 gold pieces.
You spent 72 gold pieces at shops.

Inventory:

Hand Weapons
 r - a +5 war axe (weapon)
 v - a +2 flail of holy wrath
Armour
 e - a +1 cloak (worn)
 p - a +0 chain mail (worn)
Jewellery
 o - an amulet of guardian spirit (around neck)
 z - the ring of Xucefiukk (left hand) {+Blink rC- rCorr Int+6 SInv}
   (You found it on level 7 of the Dungeon)

   [ring of intelligence]

   Int:       It affects your intelligence (+6).
   rC:        It makes you vulnerable to cold.
   SInv:      It lets you see invisible.
   +Blink:    It lets you blink.
   rCorr:     It protects you from acid and corrosion.
 A - a ring of magical power
Wands
 b - a wand of flame (43)
 q - a wand of paralysis (11)
 x - a wand of quicksilver (7)
Scrolls
 d - 2 scrolls of enchant armour {unknown}
 g - a scroll of fear
 j - 2 scrolls of teleportation
 k - a scroll of magic mapping {unknown}
 n - a scroll of enchant weapon
 y - a scroll of fog {unknown}
Potions
 a - a potion of degeneration {unknown}
 c - 2 potions of flight
 f - 2 potions of heal wounds
 h - 6 potions of curing
 i - a potion of might {unknown}
 l - 2 potions of brilliance {unknown}
 m - 2 potions of attraction {unknown}
 s - a potion of mutation {unknown}
 u - a potion of haste {unknown}
 w - a potion of ambrosia {unknown}
Miscellaneous
 t - a piece from Xom's chessboard (15/15)


   Skills:
 + Level 6.9 Fighting
 + Level 6.3 Axes
 + Level 8.7 Armour
 + Level 5.4 Dodging


You had 8 spell levels left.
You didn't know any spells.
Your spell library was empty.

Dungeon Overview and Level Annotations

Branches:
Dungeon (7/15)             Temple (0/1) D:6

Altars:
Ashenzari
Cheibriados
Qazlal

Shops:
D:2 *

Annotations:
D:4 3 runed translucent doors, kaesle's ghost, amateur HOFi


Innate Abilities, Weirdness & Mutations

You are completely covered in rugged brown scales. (AC +3, +7% HP)
Armour fits poorly on your strangely shaped body.
You have a long armoured tail.
You roll when moving toward enemies. (Rampage)
Your long tongue fully drains potion bottles. (2x potion effects)
Your tongue gives you trouble enunciating. (1.5x scroll delay)


Message History

You barely miss the killer bee.
Your tail-slap misses the killer bee.
The killer bee stings you but does no damage. x2
The killer bee attacks as you move away!
The killer bee completely misses you.
You feel a strong urge to attack something.
The killer bee barely misses you.
The killer bee stings you but does no damage.
The killer bee attacks as you move away!
The killer bee closely misses you.
The killer bee attacks as you move away!
The killer bee barely misses you.
You feel your anger nearly subside.
Your skin stops crawling.
You feel less strong-willed. The killer bee barely misses you.
The killer bee attacks as you move away!
The killer bee barely misses you.
You are no longer berserk.
You are exhausted.
You feel yourself slow down.
The killer bee stings you but does no damage. x2
As you slowly read the scroll of teleportation, it crumbles to dust.
You feel strangely unstable. The killer bee closely misses you.
The killer bee stings you.
* * * LOW HITPOINT WARNING * * *
The killer bee barely misses you.
The human wields a +0 sling.
The human shoots a sling bullet.
The sling bullet hits you but does no damage.
The killer bee closely misses you.
The killer bee stings you but does no damage. x3
The killer bee closely misses you.
The killer bee stings you but does no damage.
The killer bee misses you. The killer bee closely misses you.
The killer bee stings you but does no damage. x2
The killer bee stings you!
* * * LOW HITPOINT WARNING * * *
The killer bee attacks as you move away!
The killer bee stings you but does no damage.
The killer bee attacks as you move away!
The killer bee stings you!
You die...

##>.# ##........ ...# ..## #.#
#.## ##.# ## #.# #.####### #.##
#.......##### .p. ###.#
#.......@yyp### .p # #.##
##......yyy...## .. # #..##
#.......p.....## .## y ###...##
#..............# ..#..
##..#..###..........p...####.....
##..##..##...............#.......
#..####..##.............)........
#.## ##..#...............###....
..# ###................# ...


You could see 3 humans and 5 killer bees.

Vanquished Creatures
  Pikel (D:5)
  A cyclops (D:7)
  5 yaks (D:5)
  A human (D:7)
  A steam dragon (D:6)
  An ice beast (D:7)
  A sky beast (D:6)
  3 ogres
  A phantom (D:6)
  A gnoll sergeant (D:7)
  A scorpion (D:6)
  4 wights (D:5)
  A killer bee (D:7)
  2 orc priests (D:4)
  4 hounds
  3 jellies
  Jessica (D:2)
  5 orc wizards
  An iguana (D:5)
  7 adders
  8 gnolls
  A white imp (D:6)
  4 ufetubi (D:5)
  A worm (D:4)
  2 dart slugs
  18 orcs
  8 endoplasms
  4 giant cockroaches
  7 goblins
  6 hobgoblins
  6 jackals
  14 kobolds
  2 quokkas
  A ball python (D:1)
  5 bats
  A frilled lizard (D:1)
  12 rats
145 creatures vanquished.

Notes
Turn   | Place    | Note
-------+----------+-------------------------------------------
     0 | D:1      | adizb the Armataur Berserker began the quest for the Orb.
     0 | D:1      | Reached XP level 1. HP: 19/19 MP: 1/1
   154 | D:1      | Reached XP level 2. HP: 26/26 MP: 2/2
   864 | D:2      | Reached skill level 3 in Armour
   881 | D:2      | Found Wepn's Assorted Antiques.
   889 | D:2      | Bought a scroll labelled KIV KEHUAZA for 25 gold pieces
   889 | D:2      | Bought a yellow potion for 22 gold pieces
   889 | D:2      | Bought a scroll labelled OZAZAG PUEMPAP for 25 gold pieces
   969 | D:2      | Reached ** piety under Trog
   970 | D:2      | Reached XP level 3. HP: 32/33 MP: 3/3
  1506 | D:2      | Noticed Jessica
  1539 | D:2      | Killed Jessica
  1540 | D:2      | Reached XP level 4. HP: 17/40 MP: 4/4
  1621 | D:3      | Found a stormy altar of Qazlal.
  1621 | D:3      | Found a broken altar of Ashenzari.
  1623 | D:3      | Found a snail-covered altar of Cheibriados.
  1892 | D:3      | Found a faded altar of an unknown god.
  2149 | D:4      | Found a runed translucent gate.
  2149 | D:4      | Found a runed translucent gate.
  2169 | D:4      | Found a runed translucent gate.
  2170 | D:4      | Noticed kaesle's ghost (amateur HOFi)
  2212 | D:4      | Reached XP level 5. HP: 47/48 MP: 5/5
  2243 | D:4      | Noticed an ogre
  2275 | D:4      | Killed an ogre
  2276 | D:4      | Reached skill level 4 in Armour
  2318 | D:4      | Reached XP level 6. HP: 40/55 MP: 6/6
  2578 | D:4      | Reached *** piety under Trog
  3093 | D:5      | Entered Level 5 of the Dungeon
  3110 | D:5      | Noticed Pikel
  3130 | D:5      | Killed Pikel
  3131 | D:5      | Reached skill level 5 in Armour
  3131 | D:5      | Reached XP level 7. HP: 37/64 MP: 2/7
  3175 | D:5      | Reached skill level 5 in Fighting
  3338 | D:5      | Reached skill level 6 in Armour
  3338 | D:5      | Reached XP level 8. HP: 68/68 MP: 3/8
  4062 | D:5      | Reached skill level 5 in Axes
  4070 | D:5      | Reached skill level 7 in Armour
  4087 | D:5      | Reached XP level 9. HP: 48/80 MP: 3/9
  4378 | D:6      | Found a staircase to the Ecumenical Temple.
  4890 | D:7      | Noticed a cyclops
  4897 | D:6      | Reached skill level 8 in Armour
  4897 | D:6      | Reached skill level 5 in Dodging
  4929 | D:7      | Killed a cyclops
  5086 | D:7      | Identified the ring of Xucefiukk {+Blink rC- rCorr Int+6
                  | SInv}
  5464 | D:7      | Slain by a killer bee

Illustrated notes

Levels and vault maps discovered:
D:1:      dpeg_arrival_connections, layout_loops_ring, nicolae_hexahallways
D:2:      kennysheep_six_static_rooms, layout_basic, serial_shops,
          nicolae_shop_overgrown_old_shop, uniq_jessica
D:3:      layout_loops_ring, grunt_temple_overflow_open,
          hellmonk_ecumenical_altar_prayer_group
D:4:      layout_loops_ring, gammafunk_ghost_split
D:5:      layout_loops_corners, minmay_increasing_density, uniq_pikel
D:6:      layout_gridville, minmay_temple_entry_statues_pillars,
          hellmonk_bongcloud_opening
D:7:      layout_cave_pods, minmay_ruffians

Skill      XL: |  1  2  3  4  5  6  7  8  9 |
---------------+----------------------------+-----
Fighting       | 3 4 5 6 |  6.9
Armour         | 3 4 5 6 7 8 |  8.7
Dodging        | 2 3 4 5 |  5.4
Axes           | 3 4 5 6 |  6.3

Action                     |  1- 3 |  4- 6 |  7- 9 || total
---------------------------+-------+-------+-------++-------
  Melee: Hand axe          |   112 |    10 |       ||   122
         Tailslap          |    10 |    19 |    21 ||    50
         Punch             |     1 |     2 |     3 ||     6
         War axe           |       |   147 |   176 ||   323
 Invoke: Berserk           |       |     1 |     3 ||     4
         Trog's Hand       |       |     1 |     3 ||     4
    Use: Scroll            |     3 |     3 |     3 ||     9
         Potion            |     1 |       |       ||     1
 Armour: Animal skin       |    45 |     8 |       ||    53
         Scale mail        |       |    62 |       ||    62
         Chain mail        |       |     7 |   139 ||   146
  Dodge: Dodged            |    47 |    51 |    86 ||   184
